 Dungeon Crawl Stone Soup version 0.30-b1-2-g02819fbbbe (webtiles) character file.

Game seed: 13287609598371939571

2107 CyclopB the Grappler (level 9, -5/71 HPs)
             Began as a Ghoul Gladiator on Aug 19, 2023.
             Slain by a yak (13 damage)
             ... on level 7 of the Dungeon.
             The game lasted 00:35:04 (5697 turns).

CyclopB the Grappler (Ghoul Gladiator)              Turns: 5697, Time: 00:35:05

Health: -5/71      AC:  5    Str: 22    XL:     9   Next: 28%
Magic:  8/8        EV: 14    Int:  3    God:
Gold:   506        SH:  5    Dex: 16    Spells: 8/8 levels left

rFire   . .          .
                       - Unarmed
rCold   + . .        (no shield)
rNeg    + + +        r - +0 leather armour
rPois   ∞            b - +0 helmet
rElec   .            (no cloak)
rCorr   .            (no gloves)
SInv    .            p - +0 pair of boots
Will    +....        F - amulet of reflection
Stlth   ++           z - +6 ring of dexterity
HPRegen 0.00/turn    K - ring of willpower
MPRegen 0.11/turn

%: reflection
@: inhibited regen
A: claws 1, cold resistance 1, negative energy resistance 3, inhibited
regeneration, torment resistance 2, devour on kill
a: no special abilities


You were on level 7 of the Dungeon.
You visited 2 branches of the dungeon, and saw 9 of its levels.

You collected 506 gold pieces.

Inventory:

Missiles
 c - 2 throwing nets (quivered)
 d - a javelin
 e - 23 stones
 o - 8 poisoned darts
 G - 12 atropa-tipped darts
 M - 2 boomerangs
Armour
 b - a +0 helmet (worn)
 p - a +0 pair of boots (worn)
 r - a +0 leather armour (worn)
 y - a +0 ring mail
 H - the +3 leather armour "Ilex Rar" {Harm rF- rN+++ rCorr}
   (You found it on level 6 of the Dungeon)

   rF:        It makes you vulnerable to fire.
   rN:        It renders you almost immune to negative energy.
   rCorr:     It protects you from acid and corrosion.
   Harm:      It increases damage dealt and taken.
 I - a +0 kite shield
Magical Staves
 i - a staff of cold
Jewellery
 z - a +6 ring of dexterity (left claw)
 B - a ring of fire
 F - an amulet of reflection (around neck)
 K - a ring of willpower (right claw)
Wands
 E - a wand of polymorph (17)
 L - a wand of digging (1)
 N - a wand of mindburst (10)
Scrolls
 a - a scroll of torment {unknown}
 l - 3 scrolls of immolation {unknown}
 q - a scroll of poison {unknown}
 u - 3 scrolls of fog {unknown}
 w - 2 scrolls of amnesia {unknown}
 x - 11 scrolls of identify {unknown}
 A - 2 scrolls of teleportation {unknown}
 C - a scroll of noise {unknown}
 D - 2 scrolls of fear {unknown}
 J - a scroll of acquirement {unknown}
 O - a scroll of magic mapping {unknown}
Potions
 f - a potion of magic {unknown}
 g - 2 potions of might {unknown}
 h - 3 potions of lignification {unknown}
 j - a potion of brilliance {unknown}
 k - 4 potions of curing
 m - 3 potions of haste {unknown}
 n - 2 potions of degeneration {unknown}
 s - 4 potions of heal wounds {unknown}
 t - a potion of invisibility {unknown}
 v - a potion of berserk rage {unknown}


   Skills:
 - Level 4.0 Fighting
 - Level 2.0 Throwing
 + Level 5.9 Dodging
 - Level 2.0 Stealth
 + Level 11.2 Unarmed Combat


You had 8 spell levels left.
You didn't know any spells.
Your spell library contained the following spells:

 Spells                   Type           Power      Damage    Failure   Level
 Necrotise                Necr           0%         1d4       56%         1
 Slow                     Hex            0%         N/A       56%         1
 Confusing Touch          Hex            0%         N/A       91%         3
 Ozocubu's Armour         Ice            0%         N/A       91%         3
 Vampiric Draining        Necr           0%         2d6       91%         3
 Agony                    Necr           0%         N/A       100%        5
 Summon Forest            Summ/Tloc      0%         N/A       100%        5
 Summon Mana Viper        Hex/Summ       0%         N/A       100%        5
 Summon Cactus Giant      Summ           0%         N/A       100%        6
 Ozocubu's Refrigeration  Ice            0%         4d7       100%        7


Dungeon Overview and Level Annotations

Branches:
Dungeon (8/15)             Temple (1/1) D:5            Lair (0/5) D:8

Altars:
Ashenzari
Cheibriados
Dithmenos
Fedhas
Gozag
Hepliaklqana
Makhleb
Qazlal
Sif Muna
Uskayaw
Vehumet
Wu Jian
Yredelemnul

Shops:
D:3 (

Annotations:
D:6 exclusion: steam dragon


Innate Abilities, Weirdness & Mutations

You are immune to poison.
You have sharp fingernails.
Your flesh is cold resistant. (rC+)
You are immune to negative energy. (rN+++)
You do not regenerate when monsters are visible.
You are immune to unholy pain and torment.
You thrive by killing the living.


Message History

You barely miss the yak.
The yak is severely wounded.
The yak gores you. The yak misses you.
You scratch the yak.
The yak is almost dead.
The yak barely misses you. The yak gores you.
You scratch the yak but do no damage.
The yak is almost dead.
The yak gores you. The yak gores you!
* * * LOW HITPOINT WARNING * * *
You block the yak's attack.
You claw the yak!
You kill the yak!
You feel better.
Unknown command.
Unknown command.
Unknown command.
Throw: 12 darts (atropa)
Press: ? - help, Q - select action, (/) - cycle Shift-Dir - straight line, f - yak
Aim: a yak (73% to hit, chance to blind on hit: 19%)
Okay, then.
Unknown command.
Unknown command.
You claw the yak!
The yak is moderately wounded.
The yak gores you.
* * * LOW HITPOINT WARNING * * *
The yak gores you!
* * * LOW HITPOINT WARNING * * *
It was a potion of curing.
You feel better. The yak barely misses you. The yak gores you.
* * * LOW HITPOINT WARNING * * *
Unknown command.
Throw: 3 throwing nets
Press: ? - help, Q - select action, (/) - cycle Shift-Dir - straight line, f - yak
Aim: a yak (moderately wounded, 73% to hit)
You throw a throwing net.
The throwing net closely misses the yak.
The yak barely misses you. The yak gores you!
You die...

#........'.#........
#........###........ #........#
#........ #........# #........
#........# ######### #........#
######........# #......Y......#
### #(.....Y@.....# #..
#.......####### #..
##############'################..
.............>................'..
#############..............####..
# #..............# ### #
########..............###### #
#.....................'..).. #
#.#########...........######


You could see 2 yaks.

Vanquished Creatures
  2 yaks
  A water moccasin (D:6)
  3 centaurs
  A phantom (D:5)
  7 bullfrogs
  7 wights
  2 howler monkeys
  A jelly (D:6)
  An orc priest (D:4)
  A gnoll bouda (D:7)
  2 sleepcaps
  An iguana (D:5)
  5 orc wizards
  4 gnolls
  9 adders
  A shadow imp (D:5)
  A white imp (D:6)
  An ufetubus (D:4)
  A worm (D:4)
  2 dart slugs
  17 orcs
  2 bats
  5 endoplasms
  5 giant cockroaches
  3 goblins
  7 hobgoblins
  5 quokkas
  8 ball pythons
  4 frilled lizards
  7 kobolds
  2 rats
118 creatures vanquished.

Vanquished Creatures (others)
  A fungus (D:8)
  A plant (D:8)
2 creatures vanquished.

Grand Total: 120 creatures vanquished

Notes
Turn   | Place    | Note
-------+----------+-------------------------------------------
     0 | D:1      | CyclopB the Ghoul Gladiator began the quest for the Orb.
     0 | D:1      | Reached XP level 1. HP: 17/17 MP: 0/0
    85 | D:1      | Reached XP level 2. HP: 20/24 MP: 1/1
   192 | D:1      | Reached skill level 4 in Unarmed Combat
   401 | D:1      | Reached XP level 3. HP: 10/29 MP: 2/2
   863 | D:2      | Reached skill level 5 in Unarmed Combat
   863 | D:2      | Reached XP level 4. HP: 33/36 MP: 3/3
  1441 | D:3      | Found an ornate altar of the Wu Jian Council.
  1452 | D:3      | Found Racotoff's Weapon Shoppe.
  1919 | D:4      | Reached skill level 6 in Unarmed Combat
  1919 | D:4      | Reached skill level 1 in Stealth
  1919 | D:4      | Reached XP level 5. HP: 36/41 MP: 4/4
  2094 | D:4      | Noticed a kobold brigand
  2352 | D:4      | Found a burning altar of Makhleb.
  2463 | D:4      | Found a blossoming altar of Fedhas.
  2662 | D:5      | Entered Level 5 of the Dungeon
  2903 | D:5      | Found a staircase to the Ecumenical Temple.
  2905 | D:5      | Noticed a phantom
  2914 | D:5      | Killed a phantom
  2915 | D:5      | Reached skill level 7 in Unarmed Combat
  2915 | D:5      | Reached XP level 6. HP: 37/48 MP: 5/5
  2923 | Temple   | Entered the Ecumenical Temple
  3057 | D:5      | Found a hide-covered altar of Uskayaw.
  3601 | D:6      | Noticed a steam dragon
  3757 | D:6      | Identified the +3 leather armour "Ilex Rar" {Harm rF- rN+++
                  | rCorr}
  4048 | D:6      | Reached skill level 8 in Unarmed Combat
  4048 | D:6      | Reached XP level 7. HP: 46/56 MP: 6/6
  4215 | D:7      | Found an opulent altar of Gozag.
  4331 | D:7      | Reached skill level 9 in Unarmed Combat
  4429 | D:7      | Reached XP level 8. HP: 58/66 MP: 7/7
  4949 | D:7      | Reached skill level 10 in Unarmed Combat
  5307 | D:8      | Noticed a yak
  5375 | D:8      | Found a staircase to the Lair.
  5433 | D:8      | Reached skill level 5 in Dodging
  5451 | D:8      | Reached XP level 9. HP: 56/71 MP: 8/8
  5676 | D:8      | Reached skill level 11 in Unarmed Combat
  5695 | D:7      | HP: 3/71 [yak (15)]
  5697 | D:7      | Slain by a yak

Illustrated notes

Levels and vault maps discovered:
D:1:      saegor_arrival_simple_d, layout_basic
D:2:      layout_basic
D:3:      layout_basic, pdpol_wu_jian_five_deadly_venoms, serial_shops, shop,
          kennysheep_generic_room_6
D:4:      layout_basic, lightli_temple_of_fire, mainiacjoe_overflow_alcove_1,
          lightli_corner_chamber
D:5:      layout_basic, kennysheep_little_box, minmay_temple_entry_junction
D:6:      layout_loops_ring, chequers_serial_rivers_large_b
D:7:      layout_basic, mainiacjoe_overflow_six_doors_small,
          hangedman_abyss_or_decor_stagger
D:8:      layout_rooms, dpeg_oklobed_lair
Temple:   hellmonk_temple_micro_hex

Skill      XL: |  1  2  3  4  5  6  7  8  9 |
---------------+----------------------------+-----
Throwing       | 2 |  2.0
Unarmed Combat | 4 5 6 7 8 9 10 11 | 11.2
Stealth        | 1 2 |  2.0
Fighting       | 4 |  4.0
Dodging        | 5 |  5.9

Action                     |  1- 3 |  4- 6 |  7- 9 || total
---------------------------+-------+-------+-------++-------
  Melee: Unarmed           |    93 |   173 |   139 ||   405
         Punch             |       |     7 |     5 ||    12
  Throw: Stone             |     2 |    16 |    10 ||    28
         Dart              |       |     4 |     9 ||    13
         Throwing net      |       |       |     1 ||     1
    Use: Potion            |       |       |     1 ||     1
   Stab: Sleeping          |       |       |     4 ||     4
 Armour: Leather armour    |    18 |    22 |    17 ||    57
  Dodge: Dodged            |    42 |    87 |    66 ||   195
  Block: Other             |       |     2 |    21 ||    23
